 Dungeon Crawl Stone Soup version 0.27.1-33-g824d729ab1 (webtiles) character file.

Game seed: 11418488688789602283

2 zeram the Caller (level 1, -2/10 (11) HPs)
             Began as an Octopode Summoner on Dec 26, 2021.
             Slain by a kobold (4 damage)
             ... on level 1 of the Dungeon.
             The game lasted 00:00:54 (192 turns).

zeram the Caller (Octopode Summoner)                 Turns: 192, Time: 00:00:55

HP:   -2/10 (11)    AC:  1    Str:  7    XL:     1   Next: 40%
MP:   1/3           EV: 13    Int: 17    God:
Gold: 24            SH:  0    Dex: 12    Spells: 3/4 levels left

rFire    . . .     SeeInvis .   b - +0 short sword
rCold    . . .     Faith    .   (no shield)
rNeg     . . .     Spirit   .   (helmet restricted)
rPois    .         Reflect  .   (no amulet)
rElec    .         Harm     .   (no ring)
rCorr    .         Rampage  .   (no ring)
Will     .....                  (no ring)
Stlth    +++.......             (no ring)
HPRegen  0.03/turn              (no ring)
MPRegen  0.08/turn              (no ring)
                                (no ring)
                                (no ring)

@: drained
A: almost no armour, amphibious, 8 rings, camouflage 1, gelatinous body 1,
(nimble swimmer 1), tentacles
a: no special abilities


You were on level 1 of the Dungeon.
You visited 1 branch of the dungeon, and saw 1 of its levels.

You collected 24 gold pieces.

Inventory:

Hand Weapons
 b - a +0 short sword (weapon)
Scrolls
 a - a scroll of identify {unknown}


   Skills:
 - Level 2.0 Dodging
 + Level 2.6 Stealth
 - Level 2.0 Spellcasting
 + Level 4.1 Summonings


You had 3 spell levels left.
You knew the following spells:

 Your Spells              Type           Power      Damage    Failure   Level
a - Summon Small Mammal   Summ           60%        N/A       3%          1

Your spell library contained the following spells:

 Spells                   Type           Power      Damage    Failure   Level
 Call Imp                 Summ           15%        N/A       5%          2
 Call Canine Familiar     Summ           15%        N/A       11%         3
 Summon Guardian Golem    Hex/Summ       8%         N/A       26%         3
 Summon Lightning Spire   Summ/Air       8%         N/A       63%         4


Dungeon Overview and Level Annotations

Branches:
Dungeon (1/15)

Altars:


Innate Abilities, Weirdness & Mutations

You cannot wear most types of armour.
You are amphibious.
You can wear up to eight rings at the same time.
Your skin changes colour to match your surroundings (Stealth+).
Your rubbery body absorbs attacks. (AC +1, EV +1)
((You are camouflaged near water. (Stealth+)))
You have tentacles for arms and can constrict up to eight enemies at once.


Message History

You release your grip on the kobold.
There is an open door here.
Casting: Summon Small Mammal (safe; 3% risk of failure)
Confirm with . or Enter, or press ? or * to list all spells.
You don't know that spell.
Casting: Summon Small Mammal (safe; 3% risk of failure)
Confirm with . or Enter, or press ? or * to list all spells.
The kobold barely misses you.
Your quokka misses the kobold.
The kobold hits your quokka with a +2 short sword of draining.
The kobold drains your quokka.
Your quokka dies!
Your quokka's corpse disappears in a puff of smoke!
Casting: Summon Small Mammal (safe; 3% risk of failure)
Confirm with . or Enter, or press ? or * to list all spells.
The kobold throws a stone.
The stone misses you.
Casting: Summon Small Mammal (safe; 3% risk of failure)
Confirm with . or Enter, or press ? or * to list all spells.
You swap places.
The kobold completely misses your quokka.
Your quokka bites the kobold but does no damage.
What are your orders? t - Shout!
Orders for allies: a - Attack new target. r - Retreat! s - Stop attacking. g - Guard the area. f - Follow me.
Anything else - Cancel.
Gang up on whom?
Press: ? - help, Dir - move target, f - kobold
Aim: a kobold, wielding a +2 short sword of draining and quivering stones (moderately wounded, ally target) Attack!
The kobold hits your quokka with a +2 short sword of draining.
Your quokka dies!
Your quokka's corpse disappears in a puff of smoke!
Your rat barely misses the kobold.
There is an open door here.
You hit the kobold but do no damage. Your grab misses the kobold.
The kobold is moderately wounded.
The kobold hits you with a +2 short sword of draining.
You die...

##.#. #...........#
##.#.##+#####...........#
#.#..#...#..............#
#....#..'..............##
#.#.......#.....###.......#
#.....#+#####..# #.......#
#....#.#r.#.).#..#
#.......# ....
#..#.K.รท.#..# #.......#
... #..##.#@..#..#
#........ .#
#.#.#.#...#..###...##.#. #.
.#+#####........# ## ## ..
#.......##### .. +.......#
.#. #.......# ###
####...#....# #...#....#
#...#....#


You could see a kobold (ally target) and a friendly rat (summoned).

Vanquished Creatures
  A kobold (D:1)
  A rat (D:1)
2 creatures vanquished.

Vanquished Creatures (collateral kills)
  A bat (D:1)
  A kobold (D:1)
2 creatures vanquished.

Grand Total: 4 creatures vanquished

Notes
Turn   | Place    | Note
-------+----------+-------------------------------------------
     0 | D:1      | zeram the Octopode Summoner began the quest for the Orb.
     0 | D:1      | Reached XP level 1. HP: 11/11 MP: 3/3
   192 | D:1      | Slain by a kobold

Illustrated notes

Levels and vault maps discovered:
D:1:      arrival_zaba_pyramid, layout_basic,
          shapermc_ecumenical_altar_mp_vishouse, serial_curves, eino_curves_02,
          eino_curves_01

Action                   || total
-------------------------++-------
Melee: Unarmed           ||     4
       Constrict         ||     4
       Short sword       ||     3
       Tentacles         ||     1
 Cast: Summon Small Mamm ||     6
Armor: Skin              ||     2
Dodge: Dodged            ||    12
